 Dungeon Crawl Stone Soup version 0.21-a0-140-g479285b (console) character file.

317 removed the Chopper (level 6, -12/47 HPs)
             Began as a Mummy Wanderer on July 21, 2017.
             Mangled by an ogre
             ... wielding a cursed -3 giant spiked club
              (14 damage)
             ... on level 4 of the Dungeon.
             The game lasted 00:08:13 (4586 turns).

removed the Chopper (Mummy Wanderer)                Turns: 4586, Time: 00:08:15

Health: -12/47     AC:  6    Str: 16    XL:     6   Next: 20%
Magic:  6/6        EV: 11    Int: 13    God:
Gold:   253        SH:  0    Dex: 11    Spells: 5/5 levels left

rFire    x . .     SeeInvis .   (no weapon)
rCold    + + .     Gourm    .   (no shield)
rNeg     + + +     Faith    .   b - +0 ring mail
rPois    ∞         Spirit   .   g - +1 hat
rElec    .         Reflect  .   (no cloak)
rCorr    .         Harm     .   (no gloves)
MR       .....                  (no boots)
Stlth    +.........             q - amulet of rage
HPRegen  0.15/turn              l - ring of protection from cold
MPRegen  0.10/turn              (no ring)

@: no status effects
A: no food or potions, fire vulnerability, cold resistance 1, negative energy
resistance 3, torment resistance, unbreathing
a: no special abilities


You were on level 4 of the Dungeon.
You were not hungry.

You visited 1 branch of the dungeon, and saw 4 of its levels.

You collected 253 gold pieces.

Inventory:

Hand Weapons
 a - a +2 hand axe
 d - a +0 blowgun
 s - a cursed -3 scimitar
Missiles
 c - 13 poisoned needles
Armour
 b - a +0 ring mail (worn)
 g - a +1 hat (worn)
 r - a +0 leather armour of fire resistance
Jewellery
 l - a ring of protection from cold (left hand)
 q - an amulet of rage (around neck)
Wands
 t - a wand of random effects (0/48)
Scrolls
 e - 3 scrolls of identify {unknown}
 f - 6 scrolls of noise {unknown}
 h - 3 scrolls of teleportation {unknown}
 i - 2 scrolls of remove curse {unknown}
 j - a scroll of immolation {unknown}
 k - a scroll of blinking {unknown}
 m - a scroll of enchant armour {unknown}
 n - a scroll of recharging {unknown}
 o - a scroll of amnesia {unknown}
 p - a scroll of random uselessness {unknown}


   Skills:
 - Level 3.0 Fighting
 + Level 5.3 Axes
 - Level 1.0 Throwing
 - Level 1.0 Armour
 - Level 2.4 Dodging
   Level 1.0 Shields


You had 5 spell levels left.
You didn't know any spells.

Dungeon Overview and Level Annotations

Branches:
Dungeon (4/15)
 Temple: D:4-7

Altars:
Cheibriados
Fedhas
Kikubaaqudgha
Uskayaw
Wu Jian

Annotations:
D:3 Gorglomux's ghost, amateur HOAM


Innate Abilities, Weirdness & Mutations

You do not eat or drink.
Your flesh is vulnerable to fire.
You are immune to poison.
Your flesh is cold resistant. (rC+)
You are immune to negative energy. (rN+++)
You are immune to unholy pain and torment.
You can survive without breathing.


Message History

Evoking this partially-identified wand wasted a few charges.
Something hits you!!
Evoke which item? (* to show all) (? for menu, Esc to quit)
Aiming: Random Effects (will waste charges)
Press: ? - help, Shift-Dir - straight line Nothing appears to happen.
Evoking this partially-identified wand wasted a few charges.
Something hits you!
* * * LOW HITPOINT WARNING * * *
You are now empty-handed.
Evoke which item? (* to show all) (? for menu, Esc to quit)
Aiming: Random Effects (will waste charges)
Press: ? - help, Shift-Dir - straight line The mass of ice explodes!
The iceblast engulfs something.
The iceblast engulfs you! You partially resist.
* * * LOW HITPOINT WARNING * * *
Evoking this partially-identified wand wasted a few charges.
You hear a shout! x4
Something hits you!
You die...

.# #.###........#####.###.#..####
.# #..######...######.# #.#......
.# ##.##...##.##...##.# #.##.####
.####.#.8.8.#.#.8.8.#.# #.#......
....#.#.._..#.#.._..#.# #.#######
....#.#.8...#.#...8.#.# #........
....####...'#.#'...##.###'#####..
#...##.#####...#####..#....# #..
+...'........⌠.{@.....#....####..
#...#..#####...#####.......##.'..
#...#.##...'#.#'...##......##.#..
#...#.#.8...#.#...8.#...[..##'#..
#...#.#.._..#.#.._..#.#....#.....
#...#.#.8.8.#.#.8.8.#.#....######
#...#!##...##.##...##...#####)!##
#...#..#####...######.#.....'!%#.
#...#......#..#....#........####.


There were no monsters in sight!

Vanquished Creatures
  Jessica (D:3)
  An orc wizard (D:3)
  Natasha (thrice) (D:3)
  A worker ant (D:4)
  5 adders
  2 gnolls (D:2)
  An adder skeleton (D:4)
  2 worms
  A dart slug (D:4)
  3 leopard geckos
  10 orcs
  7 bats
  6 giant cockroaches
  7 goblins
  5 hobgoblins
  4 jackals (D:1)
  3 quokkas
  2 ball pythons
  9 frilled lizards
  8 kobolds
  7 rats
88 creatures vanquished.

Notes
Turn   | Place    | Note
-------+----------+-------------------------------------------
     0 | D:1      | removed the Mummy Wanderer began the quest for the Orb.
     0 | D:1      | removed set off with: a +2 hand axe, a +0 ring mail, 10 poisoned needles, a +0 blowgun
     0 | D:1      | Reached XP level 1. HP: 18/18 MP: 1/1
     6 | D:1      | Noticed a black bear
     6 | D:1      | Noticed an iguana
     6 | D:1      | Noticed a worker ant
     6 | D:1      | Noticed a hog
     6 | D:1      | Noticed a rime drake
   246 | D:1      | Reached XP level 2. HP: 24/24 MP: 2/2
   376 | D:1      | Reached skill level 2 in Axes
   663 | D:2      | Reached XP level 3. HP: 29/29 MP: 3/3
  1096 | D:2      | Reached skill level 3 in Axes
  1174 | D:2      | Reached XP level 4. HP: 35/35 MP: 4/4
  1418 | D:3      | Noticed Jessica
  1438 | D:3      | Killed Jessica
  1534 | D:3      | Reached skill level 4 in Axes
  1534 | D:3      | Reached XP level 5. HP: 34/41 MP: 5/5
  1729 | D:3      | Noticed Gorglomux's ghost (amateur HOAM)
  2359 | D:3      | Noticed Natasha
  2375 | D:3      | Killed Natasha
  2867 | D:3      | Noticed Natasha
  2881 | D:3      | Killed Natasha
  3366 | D:3      | Noticed Natasha
  3374 | D:3      | Killed Natasha
  3374 | D:3      | Reached skill level 5 in Axes
  3435 | D:4      | Reached XP level 6. HP: 38/47 MP: 6/6
  3752 | D:4      | Found an ancient bone altar of Kikubaaqudgha.
  3761 | D:4      | Found a snail-covered altar of Cheibriados.
  3764 | D:4      | Found an ornate altar of the Wu Jian Council.
  3768 | D:4      | Found a blossoming altar of Fedhas.
  4452 | D:4      | Found a hide-covered altar of Uskayaw.
  4586 | D:4      | HP: 2/47 [shot self (9)]
  4586 | D:4      | Mangled by an ogre

Vault maps used:
D:1:      onia_arrival_zoo_common
D:2:      first_bread
D:3:      uniq_natasha, uniq_jessica
D:4:      marbit_many_paths, grunt_temple_overflow_cloverleaf,
          serial_park_tiny_1, kennysheep_nondescript, supply_closet_lemuel

Skill      XL: |  1  2  3  4  5 |
---------------+----------------+-----
Axes           | 2 3 4 5 |  5.3
Fighting       | |  3.0
Throwing       | |  1.0
Armour         | |  1.0
Dodging        | |  2.4
Shields        | |  1.0

Action                   |  1- 3 |  4- 6 || total
-------------------------+-------+-------++-------
Melee: Hand axe          |    98 |   212 ||   310
Evoke: Wand              |       |    13 ||    13
Armor: Ring mail         |    42 |    50 ||    92
Dodge: Dodged            |    64 |   107 ||   171
